 Dungeon Crawl Stone Soup version 0.27-a0-1217-g8a41f320e8 (webtiles) character file.

Game seed: 15413978348352528292

11749 Johnny the Thaumaturge (level 11, -15/73 HPs)
             Began as a Deep Elf Earth Elementalist on June 6, 2021.
             Was a Priest of Dithmenos.
             Demolished by a cane toad (18 damage)
             ... on level 1 of the Lair of Beasts.
             The game lasted 00:13:16 (13678 turns).

Johnny the Thaumaturge (DEEE)                      Turns: 13678, Time: 00:13:16

Health: -15/73     AC:  9    Str:  3    XL:     11   Next: 53%
Magic:  12/29      EV: 12    Int: 24    God:    Dithmenos [***...]
Gold:   731        SH:  0    Dex: 15    Spells: 19/34 levels left

rFire    + . .     SeeInvis .   p - +11 mace of Butchery {vorpal, rElec rC+ Str-2 Stlth+}
rCold    + . .     Faith    .   (no shield)
rNeg     + . .     Spirit   .   j - +2 robe {rF+}
rPois    .         Reflect  .   (no helmet)
rElec    +         Harm     .   P - +0 cloak
rCorr    .         Rampage  .   d - +0 pair of gloves
Will     ++...                  h - +2 pair of boots
Stlth    ++++......             (no amulet)
HPRegen  0.22/turn              a - ring of positive energy
MPRegen  0.21/turn              B - ring of willpower

@: lethally poisoned (-15 -> -34), wreathed by umbra
A: no striking features
a: Renounce Religion, Shadow Step


You were on level 1 of the Lair of Beasts.
You worshipped Dithmenos.
Dithmenos was most pleased with you.
You visited 3 branches of the dungeon, and saw 11 of its levels.

You collected 731 gold pieces.

Inventory:

Hand Weapons
 n - a +2 dagger of protection
 p - the +11 mace of Butchery (weapon) {vorpal, rElec rC+ Str-2 Stlth+}
   (You found it on level 4 of the Dungeon)

   It inflicts extra damage upon your enemies.
   It affects your strength (-2).
   It protects you from cold.
   It insulates you from electricity.
   It makes you more stealthy.
Missiles
 b - 7 stones
 u - 8 atropa-tipped darts
 G - a curare-tipped dart
Armour
 d - a +0 pair of gloves (worn)
 h - a +2 pair of boots (worn)
 j - a +2 robe of fire resistance (worn)
 E - a +1 robe of cold resistance
 P - a +0 cloak (worn)
Jewellery
 a - a ring of positive energy (left hand)
 y - a ring of protection from fire
 B - a ring of willpower (right hand)
 C - a ring of positive energy
 K - a +4 ring of evasion
 N - an amulet of magic regeneration
Wands
 A - a wand of digging (3)
 F - a wand of paralysis (6)
 H - a wand of iceblast (9)
 O - a wand of charming (6)
Scrolls
 f - a scroll of summoning
 g - a scroll of magic mapping
 k - a scroll of enchant weapon {unknown}
 q - 2 scrolls of noise
 r - a scroll of blinking {unknown}
 s - 3 scrolls of silence
 t - 5 scrolls of teleportation {unknown}
 D - a scroll of brand weapon
 I - a scroll of acquirement {unknown}
Potions
 c - 3 potions of flight
 e - 2 potions of heal wounds
 i - a potion of haste
 l - 2 potions of ambrosia
 m - 4 potions of lignification
 o - a potion of mutation
 v - a potion of cancellation {unknown}
 w - a potion of brilliance {unknown}
 x - 7 potions of curing {unknown}
 z - 2 potions of might {unknown}
 J - a potion of attraction {unknown}
 L - a potion of magic {unknown}
 M - a potion of resistance {unknown}


   Skills:
 * Level 10.9 Fighting
 - Level 2.4 Dodging
 - Level 2.4 Stealth
 + Level 12.1 Spellcasting
 - Level 1.1 Transmutations
 + Level 10.6 Earth Magic


You had 19 spell levels left.
You knew the following spells:

 Your Spells              Type           Power      Damage    Failure   Level
a - Sandblast             Erth           100%       2d20      1%          1
b - Stone Arrow           Conj/Erth      80%        3d12      1%          3
c - Lee's Rapid Deconstr  Erth           30%        3d17*     1%          5
d - Petrify               Tmut/Erth      42%        N/A       3%          4
e - Blink                 Tloc           N/A        N/A       6%          2

Your spell library contained the following spells:

 Spells                   Type           Power      Damage    Failure   Level
 Passwall                 Tmut/Erth      35%        N/A       1%          2
 Corona                   Hex            15%        N/A       4%          1
 Foxfire                  Conj/Fire      56%        2x1d6     4%          1
 Magic Dart               Conj           56%        1d5       4%          1
 Call Imp                 Summ           14%        N/A       6%          2
 Ensorcelled Hibernation  Hex/Ice        28%        N/A       6%          2
 Slow                     Hex            14%        N/A       6%          2
 Confusing Touch          Hex            14%        N/A       13%         3
 Conjure Flame            Conj/Fire      14%        6-21      13%         3
 Dazzling Flash           Conj/Hex       28%        N/A       13%         3
 Gell's Gravitas          Tloc           7%         N/A       13%         3
 Inner Flame              Hex/Fire       14%        N/A       13%         3
 Mephitic Cloud           Conj/Pois/Air  14%        N/A       13%         3
 Tukima's Dance           Hex            14%        N/A       13%         3
 Sticky Flame             Conj/Fire      14%        2d4       38%         4
 Yara's Violent Unravell  Hex/Tmut       8%         3d5       67%         5
 Fireball                 Conj/Fire      7%         3d5       75%         5
 Metabolic Englaciation   Hex/Ice        7%         N/A       75%         5


Dungeon Overview and Level Annotations

Branches:
Dungeon (9/15)             Temple (1/1) D:5            Lair (1/6) D:9
    Orc (0/2) D:9

Altars:
Ashenzari
Cheibriados
Dithmenos
Elyvilon
Fedhas
Gozag
Hepliaklqana
Kikubaaqudgha
Makhleb
Okawaru
Qazlal
Ru
Sif Muna
Trog
Uskayaw
Yredelemnul
Zin

Annotations:
D:5 1 runed translucent door, PigKeeper's ghost, novice TeWz
D:7 1 runed translucent door


Message History

The yak is almost dead.
The yak gores you!
Casting: Sandblast (safe; 1% risk of failure)
Confirm with . or Enter, or press ? or * to list all spells.
Aiming: Sandblast (safe; 1% risk of failure)
Press: ? - help, Shift-Dir - straight line, f/p - yak
Aim: a yak (almost dead, umbra, 90% to hit)
The blast of sand hits the yak.
You kill the yak!
Dithmenos accepts your kill.
Casting: Sandblast (safe; 1% risk of failure)
Confirm with . or Enter, or press ? or * to list all spells.
Aiming: Sandblast (safe; 1% risk of failure)
Press: ? - help, Shift-Dir - straight line, f - cane toad
Aim: a cane toad (umbra, 86% to hit)
The blast of sand hits the cane toad!
The cane toad is moderately wounded.
The cane toad closely misses you.
Casting: Sandblast (safe; 1% risk of failure)
Confirm with . or Enter, or press ? or * to list all spells.
Aiming: Sandblast (safe; 1% risk of failure)
Press: ? - help, Shift-Dir - straight line, f/p - cane toad
Aim: a cane toad (lightly wounded, umbra, 86% to hit)
The blast of sand hits the cane toad but does no damage.
The cane toad is lightly wounded.
The cane toad stings you!!
You are poisoned.
The cane toad poisons you! The cane toad stings you!
* * * LOW HITPOINT WARNING * * *
Casting: Sandblast (safe; 1% risk of failure)
Confirm with . or Enter, or press ? or * to list all spells.
Aiming: Sandblast (safe; 1% risk of failure)
Press: ? - help, Shift-Dir - straight line, f/p - cane toad
Aim: a cane toad (lightly wounded, umbra, 86% to hit)
The blast of sand hits the cane toad!
The cane toad is severely wounded.
* * * LOW HITPOINT WARNING * * *
You feel very sick. The cane toad stings you!!
You die...

### # #
####..######.####.
.........YYF@.......
F..######.####..##.#
....YY.Y.....#..#
......Y.........#
...#............#
+.........#..#
#.........+..#
#.........#..# ..
.............[##....


You could see 2 yaks and a cane toad.

Vanquished Creatures
  2 two-headed ogres (D:8)
  A centaur warrior (D:9)
  Maurice (D:9)
  A gargoyle (D:7)
  Psyche (D:8)
  A cane toad (Lair:1)
  An unseen horror (D:7)
  2 slime creatures (D:9)
  A hornet (D:7)
  5 blink frogs (Lair:1)
  3 redbacks (D:7)
  2 steam dragons
  4 yaks (Lair:1)
  5 water moccasins
  2 hornet zombies
  A swamp drake (D:7)
  3 black bears
  An ice beast (D:7)
  4 ogres
  4 orc warriors
  The ghost of Sergey the Cudgeller, an amateur MiWn (D:6)
  A boggart (D:6)
  2 centaurs
  A phantom (D:6)
  2 kobold brigands (D:9)
  9 bullfrogs
  11 scorpions
  A wyvern skeleton (D:7)
  18 killer bees
  2 howler monkeys
  A centaur skeleton (D:7)
  3 hounds
  5 orc priests
  2 gnoll shamans (D:8)
  A jelly (D:8)
  2 iguanas
  A scorpion zombie (D:5)
  9 orc wizards
  A killer bee zombie (D:6)
  5 howler monkey zombies
  13 gnolls
  7 adders
  A howler monkey skeleton (D:6)
  A shadow imp (D:7)
  2 white imps
  2 ufetubi (D:5)
  A worm (D:2)
  6 dart slugs
  The ghost of Sergey the Digger, a weakling DEEE of Nemelex Xobeh (D:6)
  26 orcs
  5 bats
  8 endoplasms
  5 giant cockroaches
  9 goblins
  4 hobgoblins
  10 jackals
  6 kobolds
  5 quokkas
  9 ball pythons
  3 frilled lizards
  4 rats
251 creatures vanquished.

Vanquished Creatures (others)
  13 fungi
  23 plants
36 creatures vanquished.

Grand Total: 287 creatures vanquished

Notes
Turn   | Place    | Note
-------+----------+-------------------------------------------
     0 | D:1      | Johnny the Deep Elf Earth Elementalist began the quest for
                  | the Orb.
     0 | D:1      | Reached XP level 1. HP: 10/10 MP: 6/6
   207 | D:1      | Reached XP level 2. HP: 16/16 MP: 6/8
   315 | D:1      | Reached skill level 1 in Fighting
   910 | D:1      | Found a faded altar of an unknown god.
  1000 | D:1      | Reached XP level 3. HP: 20/20 MP: 10/10
  1519 | D:1      | Learned a level 3 spell: Stone Arrow
  2020 | D:3      | Reached XP level 4. HP: 25/26 MP: 5/11
  2483 | D:3      | Reached skill level 4 in Spellcasting
  2609 | D:3      | Reached XP level 5. HP: 31/31 MP: 10/13
  3373 | D:4      | Found an opulent altar of Gozag.
  3501 | D:4      | Identified the +11 mace of Butchery {vorpal, rElec rC+
                  | Str-2 Stlth+}
  3517 | D:4      | Reached XP level 6. HP: 27/37 MP: 10/15
  3692 | D:4      | Reached skill level 5 in Spellcasting
  4273 | D:5      | Entered Level 5 of the Dungeon
  4273 | D:5      | Found a runed translucent door.
  4273 | D:5      | Noticed PigKeeper's ghost (novice TeWz)
  4424 | D:5      | Found a staircase to the Ecumenical Temple.
  4439 | Temple   | Entered the Ecumenical Temple
  4517 | Temple   | Became a worshipper of Dithmenos the Shadowed
  4635 | D:5      | Reached skill level 5 in Earth Magic
  4918 | D:5      | Reached XP level 7. HP: 43/43 MP: 10/17
  5326 | D:5      | Noticed Sigmund
  5329 | D:5      | Noticed Sigmund
  5329 | D:5      | Sigmund changed into Sigmund the ball python
  5330 | D:5      | Killed Sigmund the ball python
  5365 | D:5      | Reached skill level 6 in Spellcasting
  5933 | D:6      | Noticed a steam dragon
  5943 | D:5      | Killed a steam dragon
  5944 | D:5      | Reached skill level 5 in Fighting
  6211 | D:6      | Reached XP level 8. HP: 49/49 MP: 16/20
  6318 | D:6      | Reached skill level 7 in Spellcasting
  6604 | D:6      | Reached * piety under Dithmenos
  7008 | D:6      | Found a burning altar of Makhleb.
  7265 | D:6      | Found a runed translucent gate.
  7265 | D:6      | Found a runed translucent gate.
  7265 | D:6      | Found a runed translucent gate.
  7289 | D:6      | Noticed Sergey's ghost (amateur MiWn)
  7289 | D:6      | Noticed Sergey's ghost (weakling DEEE)
  7302 | D:6      | Killed Sergey's ghost
  7303 | D:6      | Killed Sergey's ghost
  7395 | D:7      | Noticed a hornet
  7403 | D:7      | Killed a hornet
  7404 | D:7      | Reached skill level 8 in Spellcasting
  7584 | D:6      | Reached XP level 9. HP: 52/56 MP: 8/23
  7832 | D:7      | Killed an unseen horror
  8172 | D:7      | Found a runed translucent door.
  8179 | D:7      | Found a runed translucent gate.
  8181 | D:7      | Found a runed translucent gate.
  8181 | D:7      | Found a runed translucent gate.
  8187 | D:7      | Found a stormy altar of Qazlal.
  8197 | D:7      | Found a runed translucent door.
  8210 | D:7      | Found the +9 staff of Olgreb {rPois∞}
  8270 | D:7      | Noticed a gargoyle
  8275 | D:7      | Killed a gargoyle
  8276 | D:7      | Reached skill level 9 in Spellcasting
  8433 | D:7      | Learned a level 5 spell: Lee's Rapid Deconstruction
  8438 | D:7      | Learned a level 4 spell: Petrify
  8441 | D:7      | Learned a level 2 spell: Blink
  9446 | D:7      | Reached XP level 10. HP: 50/65 MP: 19/25
  9447 | D:7      | Reached ** piety under Dithmenos
  9448 | D:7      | Reached skill level 10 in Spellcasting
  9730 | D:8      | Noticed a two-headed ogre
  9736 | D:8      | Killed a two-headed ogre
 10103 | D:8      | Noticed Psyche
 10665 | D:8      | Noticed a two-headed ogre
 10673 | D:8      | Killed a two-headed ogre
 10674 | D:8      | Reached skill level 11 in Spellcasting
 10966 | D:8      | Killed Psyche
 10967 | D:8      | Reached skill level 10 in Fighting
 11512 | D:9      | Reached XP level 11. HP: 56/72 MP: 15/28
 11591 | D:9      | Found a staircase to the Lair.
 11915 | D:9      | Reached skill level 10 in Earth Magic
 12033 | D:9      | Noticed a centaur warrior
 12039 | D:9      | Killed a centaur warrior
 12534 | D:9      | Reached *** piety under Dithmenos
 12570 | D:9      | Found a staircase to the Orcish Mines.
 12784 | D:9      | Found a blossoming altar of Fedhas.
 12890 | D:9      | Noticed Maurice
 12898 | D:9      | Killed Maurice
 13223 | Lair:1   | Entered Level 1 of the Lair of Beasts
 13469 | Lair:1   | Reached skill level 12 in Spellcasting
 13475 | Lair:1   | Identified the +3 fustibalus of Luxury {speed, rC+ rCorr
                  | Str+2}
 13678 | Lair:1   | HP: 3/73 [poisoned by a cane toad]
 13678 | Lair:1   | Demolished by a cane toad

Illustrated notes

Levels and vault maps discovered:
D:1:      dpeg_arrival_pits, layout_loops_ring,
          hellmonk_ecumenical_altar_leap_of_faith,
          hangedman_abyss_or_decor_lesser_grid, chequers_serial_rivers_micro_d,
          minivault_26
D:2:      layout_rooms
D:3:      minmay_evil_eye, layout_loops_ring
D:4:      layout_loops_ring, lemuel_crystal_altar
D:5:      layout_basic, minmay_temple_entry_offerings,
          hellmonk_ghost_happy_afterlife, minmay_crystal_room, uniq_sigmund
D:6:      layout_loops_cross, amcnicky_altar_gilded, gammafunk_ghost_cemetery,
          corexii_item_surrounded_by_moat
D:7:      minmay_s_stair_smasher, layout_basic,
          nicolae_qazlal_scattered_showers, hangedman_abyss_or_decor_passed,
          minmay_guarded_unrand_staff_of_olgreb
D:8:      layout_cave_pods, uniq_psyche
D:9:      layout_loops_corners, old_standard_altar, due_lair_maze_entry_diamond,
          orc_0_dummy, corner_web_ring, nrook_loot_triangle, wad_mini_maze,
          uniq_maurice
Temple:   dshaligram_water_room_temple
Lair:1:   layout_regular_city, nicolae_volcano_entry_hallway

Skill      XL: |  1  2  3  4  5  6  7  8  9 10 11 |
---------------+----------------------------------+-----
Fighting       | 1 2 3 4 5 6 8 10 | 10.9
Earth Magic    | 4 5 6 7 8 9 10 | 10.6
Spellcasting   | 4 5 6 8 9 11 12 | 12.1
Dodging        | |  2.4
Stealth        | |  2.4
Transmutations | |  1.1

Action                   |  1- 3 |  4- 6 |  7- 9 | 10-12 || total
-------------------------+-------+-------+-------+-------++-------
Melee: Unarmed           |     1 |       |       |       ||     1
       Short sword       |    40 |    22 |       |       ||    62
       Dagger            |       |    29 |       |       ||    29
       Mace              |       |    12 |     3 |    12 ||    27
 Cast: Sandblast         |    42 |    57 |    63 |    87 ||   249
       Stone Arrow       |     1 |    13 |    77 |    74 ||   165
       Lee's Rapid Decon |       |       |     1 |     4 ||     5
Evoke: Wand              |       |       |     5 |     4 ||     9
  Use: Scroll            |       |       |     7 |     4 ||    11
 Stab: Sleeping          |     3 |     6 |     1 |       ||    10
       Distracted        |       |     1 |       |       ||     1
Armor: Robe              |    28 |    20 |    23 |    25 ||    96
Dodge: Dodged            |    42 |    53 |    48 |    46 ||   189

Table legend: (Time is in decaauts)
 A = Elapsed time spent in this place.
 B = Non-inter-level travel time spent in this place.
 C = Inter-level travel time spent in this place.
 D = Time resting spent in this place.
 E = Time spent auto-exploring this place.
 F = Levels seen in this place.
 G = Mean time per level.
                   A        B        C        D        E       F      G
               +--------+--------+--------+--------+--------+-----+--------+
         Total |  13695 |  13374 |    321 |   3145 |   8524 |  11 | 1245.0 |
       Dungeon |  13146 |  12846 |    300 |   3145 |   8090 |   9 | 1460.7 |
        Temple |     94 |     73 |     21 |      0 |     71 |   1 |   94.0 |
          Lair |    454 |    454 |      0 |      0 |    363 |   1 |  454.0 |
               +--------+--------+--------+--------+--------+-----+--------+

Top non-repeatable levels by time:
     D:7: 2295 daAuts
     D:9: 1825 daAuts
     D:8: 1634 daAuts
     D:5: 1539 daAuts
     D:6: 1370 daAuts
     D:3: 1327 daAuts
     D:1: 1284 daAuts
     D:4: 1148 daAuts
     D:2: 720 daAuts
  Lair:1: 454 daAuts
  Temple: 94 daAuts
